 Dungeon Sprint DCSS version 0.30-a0-4-ga7cffc901d (webtiles) character file.

Game seed: 13361749389865994792

13975 enile the Fetichist (level 12, -25/114 HPs)
             Began as a Formicid Fighter on Aug 21, 2022.
             Was the Champion of Cheibriados.
             Killed from afar by a black draconian knight (43 damage)
             ... with a bolt of cold
             ... in the Dungeon (Sprint V: "Ziggurat Sprint").
             The game lasted 00:07:03 (862 turns).

enile the Fetichist (Formicid Fighter)               Turns: 862, Time: 00:07:03

Health: -25/114    AC: 33    Str: 55    XL:     12   Next: 39%
Magic:  19/19      EV: 13    Int: 22    God:    Cheibriados [******]
Gold:   0          SH: 40    Dex: 34    Spells: 11/11 levels left

rFire   + + .      SeeInvis +    E - +7 great mace "Firestarter" {inner flame, rF++}
rCold   . . .      Faith    .    B - +18 shield of the Gong {rElec rN+ Will+ EV-5}
rNeg    + + +      Spirit   .    C - +15 Maxwell's patent armour {-Cast -Tele rElec Will+ rCorr}
rPois   .          Reflect  +    (helmet unavailable)
rElec   +          Harm     .    (no cloak)
rCorr   +          Rampage  .    V - +0 pair of gloves of Indecent Exposure {Contam Str+3 Dex+6 Stlth-}
Will    ++++.      NoCast   +    (no boots)
Stlth   ..........               T - amulet of Fedhas's Regard {Reflect +Blink Fly rN++ Will+ SH+5}
HPRegen 0.29/turn                u - +6 ring of strength
MPRegen 0.16/turn                Q - +6 ring of strength

@: flying, very slow
A: permanent stasis, dig shafts and tunnels, antennae 3, four strong arms, dopey
1, no potion heal 1
a: Dig, Renounce Religion, Bend Time, Temporal Distortion, Slouch, Step From
Time


You were in the Dungeon.
You worshipped Cheibriados.
Cheibriados was exalted by your worship.
You visited 1 branch

Inventory:

Hand Weapons
 k - a +5 executioner's axe of freezing
 z - the +10 dark maul {vorpal}
   (You found it in the Dungeon)

   It inflicts extra damage upon your enemies.
 A - the +14 obsidian axe {vorpal, Mesm Drain Fly SInv}
   (You found it in the Dungeon)

   It inflicts extra damage upon your enemies.
   It occasionally summons demons to assist the wielder when it strikes in
   combat.
   Its wielder is mesmerised by any visible foes.
   It cannot be unequipped while any foes are visible.
   SInv:      It lets you see invisible.
   Fly:       It grants you flight.
   Drain:     It drains your maximum health when unequipped.
 D - the +7 Singing Sword {vorpal, sonic wave}
   (You found it in the Dungeon)

   It inflicts extra damage upon your enemies.
   It radiates damaging sonic waves as it strikes, especially in combat
   involving dangerous or numerous foes.
 E - the +7 great mace "Firestarter" (weapon) {inner flame, rF++}
   (You found it in the Dungeon)

   It burns those it strikes, dealing additional fire damage.
   It fills those it strikes with an explosive inner flame.
   It grants immunity to clouds of flame.
   rF:        It greatly protects you from fire.
 F - the +7 mace of Variability {chain chaos}
   (You found it in the Dungeon)

   Each time it hits an enemy it has a different, random effect.
   It occasionally unleashes arcs of chaos on nearby creatures upon striking a
   foe.
   Cheibriados disapproves of the use of such an item.
 G - the +13 scythe of Curses {drain, Drain}
   (You found it in the Dungeon)

   A truly terrible weapon, it drains the life of any living foe it strikes.
   It inflicts powerful necromantic curses on any living foe it strikes.
   Drain:     It drains your maximum health when unequipped.
 H - the +6 shillelagh "Devastator" {shatter}
   (You found it in the Dungeon)

   It releases a powerful concussive burst when it strikes, dealing extra damage
   to the target and all other foes adjacent to them.
Missiles
 W - 2 throwing nets
Armour
 b - a +0 scale mail
 c - a +0 buckler
 B - the +18 shield of the Gong (worn) {rElec rN+ Will+ EV-5}
   (You found it in the Dungeon)

   It is deafeningly noisy when blocking attacks.
   EV:        It affects your evasion (-5).
   rElec:     It insulates you from electricity.
   rN:        It protects you from negative energy.
   Will:      It increases your willpower.
 C - the +15 Maxwell's patent armour (worn) {-Cast -Tele rElec Will+ rCorr}
   (You found it in the Dungeon)

   rElec:     It insulates you from electricity.
   -Cast:     It prevents spellcasting.
   -Tele:     It prevents most forms of teleportation.
   rCorr:     It protects you from acid and corrosion.
   Will:      It increases your willpower.
 I - a +3 kite shield
 J - a +3 tower shield
 K - a +5 crystal plate armour
 L - +5 gold dragon scales
 O - the +0 chain mail "Fiun" {-Tele +Inv rC++}
   (You found it in the Dungeon)

   rC:        It greatly protects you from cold.
   +Inv:      It lets you turn invisible.
   -Tele:     It prevents most forms of teleportation.
 V - the +0 pair of gloves of Indecent Exposure (worn) {Contam Str+3 Dex+6 Stlth-}
   (You found it in the Dungeon)

   Str:       It affects your strength (+3).
   Dex:       It affects your dexterity (+6).
   Contam:    It causes magical contamination when unequipped.
   Stlth:     It makes you less stealthy.
Jewellery
 a - an amulet of the acrobat
 p - a ring of flight
 q - a +6 ring of dexterity
 r - a +6 ring of dexterity
 s - a +6 ring of intelligence
 t - a +6 ring of intelligence
 u - a +6 ring of strength (left hand)
 v - a +6 ring of strength
 N - the ring "Bafas" {Fire rCorr MP+9}
   (You found it in the Dungeon)

   [ring of fire]

   It enhances your fire magic.
   rF:        It protects you from fire.
   rC:        It makes you vulnerable to cold.
   MP:        It affects your magic capacity (+9).
   rCorr:     It protects you from acid and corrosion.
 P - a ring of protection from fire
 Q - a +6 ring of strength (right hand)
 T - the amulet of Fedhas's Regard (around neck) {Reflect +Blink Fly rN++ Will+ SH+5}
   (You found it in the Dungeon)

   [amulet of reflection]

   It reflects blocked missile attacks.
   rN:        It greatly protects you from negative energy.
   Fly:       It grants you flight.
   +Blink:    It lets you blink.
   SH:        It affects your SH (+5).
   Will:      It increases your willpower.
 U - a ring of poison resistance
 X - a ring of wizardry
 Z - a +6 ring of intelligence
Wands
 w - a wand of mindburst (7)
 x - a wand of iceblast (6)
 y - a wand of quicksilver (6)
Scrolls
 l - 4 scrolls of amnesia
 m - 6 scrolls of butterflies
 n - 5 scrolls of identify
 o - 2 scrolls of fear
Potions
 d - 7 potions of might
 e - 10 potions of curing
 f - 8 potions of heal wounds
 g - 7 potions of magic
 h - 2 potions of brilliance
 i - 2 potions of invisibility
 j - 4 potions of resistance
Miscellaneous
 M - a lightning rod (4/4)
 R - a piece from Xom's chessboard (15/15)
 S - a tin of tremorstones (2/2)
 Y - a box of beasts


   Skills:
 + Level 17.0 Fighting
 - Level 2.0 Maces & Flails
 - Level 15.0 Armour
 - Level 8.0 Dodging
 - Level 15.0 Shields
 - Level 10.0 Invocations
 - Level 17.0 Evocations


You had 11 spell levels left.
You didn't know any spells.
Your spell library contained the following spells:

 Spells                   Type           Power      Damage    Failure   Level
 Freeze                   Ice            0%         1d3       56%         1
 Magic Dart               Conj           0%         1d3       56%         1
 Searing Ray              Conj           0%         2d4       71%         2
 Frozen Ramparts          Ice            0%         1d1       90%         3
 Gell's Gravitas          Tloc           0%         N/A       90%         3
 Teleport Other           Tloc           0%         N/A       90%         3
 Animate Dead             Necr           0%         N/A       100%        4
 Fulminant Prism          Conj/Hex       0%         3d6       100%        4
 Hailstorm                Conj/Ice       0%         3d3       100%        4
 Borgnjor's Vile Clutch   Necr/Erth      0%         N/A       100%        5
 Death Channel            Necr           0%         N/A       100%        6
 Dispersal                Tloc           0%         N/A       100%        6


Dungeon Overview and Level Annotations

Branches:
Dungeon (1/1)

Altars:
Ashenzari
Cheibriados
Dithmenos
Elyvilon
Fedhas
Gozag
Hepliaklqana
Kikubaaqudgha
Makhleb
Nemelex Xobeh
Okawaru
Qazlal
Ru
Sif Muna
Trog
Uskayaw
Vehumet
Wu Jian
Xom
Yredelemnul
Zin
The Shining One
Jiyva
Lugonu


Innate Abilities, Weirdness & Mutations

You cannot be hasted, slowed, berserked, paralysed or teleported.
You can dig through walls and to a lower floor.
You have a pair of large antennae on your head. (SInv)
Your four strong arms can wield two-handed weapons with a shield.
You are dopey. (Int -2)
Potions are less effective at restoring your health.


Message History

PTOANNNG!
The Orb Guardian hits you!
The purple draconian breathes dispelling energy at you.
The bolt of dispelling energy hits you!!
You block the black draconian knight's attack.
PTOANNNG!
You block the purple draconian's attack.
SHROANNG!
The Orb Guardian hits you but does no damage.
You bludgeon the Orb Guardian!! You burn the Orb Guardian.
Cheibriados thoroughly appreciates the change of pace.
The Orb Guardian explodes!
The fiery explosion engulfs the black draconian knight!!!
The black draconian knight is moderately wounded.
The fiery explosion engulfs the purple draconian!!!
You kill the purple draconian!
Cheibriados appreciates the change of pace.
The fiery explosion engulfs you! You resist.
The black draconian knight is engulfed in blazing flames.
You block the black draconian knight's attack.
SHROANNG!
The black draconian knight is engulfed in blazing flames.
You block the black draconian knight's attack.
BONNNG!
The black draconian knight hits you with a +1 great sword!!
* * * LOW HITPOINT WARNING * * *
Your Fighting skill gained 2 levels and is now at level 17!
The black draconian knight is engulfed in blazing flames. x2
The black draconian knight breathes lightning at you.
The bolt of lightning hits you. You resist.
* * * LOW HITPOINT WARNING * * *
The black draconian knight is engulfed in blazing flames.
You block the black draconian knight's attack.
PTOANNNG!
Your system partially rejects the healing.
You feel much better.
The black draconian knight is engulfed in blazing flames.
The black draconian knight points at you and mumbles some strange words.
The bolt of cold hits you!!!
You die...

▓..))=[[..▓..=.[=}..▓
▓..)):)}..▓...)|"...▓
▓....)....▓....)....▓
▓.....†...▓....)†...▓
▓....†....▓....)....▓
▓...§.§...▓...))....▓
▓...§§§...▓.▓.....▓.▓
▓.▓.§q§.▓.▓....©....▓
▓....©@...▓▓▓▓▓▓▓▓▓▓▓
▓▓▓▓▓▓▓▓▓▓▓


{{{{{{{{ {{{{{{{{{ {{{{{{{{{{{{{{{{{{ {{{{{{{{{{{{{{{{{{ {{{{{{ You could see a
black draconian knight (fast, invisible, catching breath).

Vanquished Creatures
  A tentacled monstrosity (D)
  An Orb Guardian (D)
  A white draconian (D)
  2 purple draconians (D)
  A red draconian (D)
  2 shining eyes (D)
  3 moths of wrath (D)
  A cyclops (D)
  5 efreet (D)
  7 merfolk (D)
  4 wind drakes (D)
  5 slime creatures (D)
  2 spriggans (D)
  4 air elementals (D)
  3 golden eyes (D)
  A hell hound (D)
  3 centaurs (D)
  A wolf (D)
  2 phantoms (D)
  2 crimson imps (D)
  A quasit (D)
  A jelly (D)
  An orc wizard (D)
  An adder zombie (D)
  An adder skeleton (D)
  An orc (D)
  3 endoplasms (D)
  2 ball python zombies (D)
  A fire vortex (D)
63 creatures vanquished.

Notes
Turn   | Place    | Note
-------+----------+-------------------------------------------
     0 | D        | enile the Formicid Fighter began the quest for the Orb.
     0 | D        | Reached XP level 1. HP: 18/18 MP: 1/1
     0 | D        | Found a shimmering blue altar of Sif Muna.
     0 | D        | Found a sacrificial altar of Ru.
     0 | D        | Found a bloodstained altar of Trog.
     0 | D        | Found a stormy altar of Qazlal.
     0 | D        | Found an iron altar of Okawaru.
     0 | D        | Found a sparkling altar of Nemelex Xobeh.
     0 | D        | Found a blossoming altar of Fedhas.
     0 | D        | Found the +6 Majin-Bo {vamp, MP+6 Int+6}
     0 | D        | Found the +9 heavy crossbow "Sniper" {vorpal, Acc+∞ SInv}
     0 | D        | Found the +10 dark maul {vorpal}
     0 | D        | Found the +15 Maxwell's patent armour {-Cast -Tele rElec
                  | Will+ rCorr}
     0 | D        | Found the +18 shield of the Gong {rElec rN+ Will+ EV-5}
     0 | D        | Found the +14 obsidian axe {vorpal, Mesm Drain Fly SInv}
     0 | D        | Found the +7 great mace "Firestarter" {inner flame, rF++}
     0 | D        | Found the +6 shillelagh "Devastator" {shatter}
     0 | D        | Found the +11 plutonium sword {Contam Stlth-}
     0 | D        | Found the +8 lance "Wyrmbane" {slay drac, rPois rF+ rC+
                  | AC+3}
     0 | D        | Found the +9 sword of Zonguldrok {reap}
     0 | D        | Found the +13 scythe of Curses {drain, Drain}
     0 | D        | Found the +5 sword of Power {vorpal}
     0 | D        | Found the +7 mace of Variability {chain chaos}
     0 | D        | Found the +7 Singing Sword {vorpal, sonic wave}
     0 | D        | Found the +8 storm bow {elec, penet}
     2 | D        | Found a transporter.
     2 | D        | Found an ancient bone altar of Kikubaaqudgha.
     2 | D        | Found a viscous altar of Jiyva.
     2 | D        | Found a corrupted altar of Lugonu.
     2 | D        | Found a hazy altar of Hepliaklqana.
     2 | D        | Found a burning altar of Makhleb.
     2 | D        | Found an opulent altar of Gozag.
    52 | D        | Reached skill level 5 in Evocations
    52 | D        | Reached XP level 2. HP: 29/29 MP: 2/2
    99 | D        | Became a worshipper of Cheibriados the Contemplative
   107 | D        | Entered arena 2.
   107 | D        | Found a transporter.
   111 | D        | Reached XP level 3. HP: 25/37 MP: 3/3
   213 | D        | Got the +6 quarterstaff of Contention {distort, rC+}
   218 | D        | Entered arena 3.
   218 | D        | Noticed a spriggan
   218 | D        | Noticed a spriggan
   218 | D        | Noticed a wolf
   218 | D        | Found a transporter.
   220 | D        | Killed a spriggan
   220 | D        | Reached * piety under Cheibriados
   221 | D        | Reached skill level 10 in Fighting
   221 | D        | Reached XP level 4. HP: 47/47 MP: 4/4
   221 | D        | Reached XP level 5. HP: 53/53 MP: 5/5
   221 | D        | Reached XP level 6. HP: 60/60 MP: 6/6
   221 | D        | Killed a spriggan
   222 | D        | Reached skill level 10 in Evocations
   225 | D        | Killed a wolf
   225 | D        | Reached ** piety under Cheibriados
   226 | D        | Reached XP level 7. HP: 51/66 MP: 6/13
   299 | D        | Got the +0 chain mail "Fiun" {-Tele +Inv rC++}
   301 | D        | Entered arena 4.
   301 | D        | Found a transporter.
   304 | D        | Reached skill level 10 in Invocations
   304 | D        | Reached skill level 5 in Armour
   308 | D        | Reached *** piety under Cheibriados
   340 | D        | Entered arena 5.
   340 | D        | Noticed an air elemental
   340 | D        | Noticed an air elemental
   340 | D        | Noticed an air elemental
   340 | D        | Noticed an air elemental
   340 | D        | Found a transporter.
   343 | D        | Killed an air elemental
   344 | D        | Reached XP level 8. HP: 36/72 MP: 15/15
   345 | D        | Killed an air elemental
   345 | D        | Reached **** piety under Cheibriados
   349 | D        | Killed an air elemental
   350 | D        | Reached skill level 10 in Armour
   352 | D        | Killed an air elemental
   352 | D        | Reached ***** piety under Cheibriados
   566 | D        | Entered arena 6.
   566 | D        | Found a transporter.
   573 | D        | Reached ****** piety under Cheibriados
   574 | D        | Reached skill level 10 in Shields
   580 | D        | Got the amulet of Fedhas's Regard {Reflect +Blink Fly rN++
                  | Will+ SH+5}
   592 | D        | Entered arena 7.
   592 | D        | Noticed a merfolk
   592 | D        | Noticed a wind drake
   592 | D        | Noticed a merfolk
   592 | D        | Noticed a merfolk
   592 | D        | Noticed a wind drake
   595 | D        | Killed a merfolk
   596 | D        | Reached XP level 9. HP: 81/81 MP: 16/16
   596 | D        | Killed a wind drake
   597 | D        | Killed a merfolk
   597 | D        | Killed a merfolk
   601 | D        | Killed a wind drake
   602 | D        | Reached skill level 15 in Fighting
   602 | D        | Found a transporter.
   613 | D        | Got the +0 pair of gloves of Indecent Exposure {Contam
                  | Str+3 Dex+6 Stlth-}
   626 | D        | Entered arena 8.
   626 | D        | Noticed a slime creature
   626 | D        | Noticed a slime creature
   626 | D        | Noticed a slime creature
   629 | D        | Killed a slime creature
   631 | D        | Killed a slime creature
   631 | D        | Killed a slime creature
   632 | D        | Reached XP level 10. HP: 96/96 MP: 17/17
   632 | D        | Found a transporter.
   648 | D        | Entered arena 9.
   648 | D        | Noticed an efreet
   648 | D        | Noticed an efreet
   648 | D        | Noticed an efreet
   648 | D        | Noticed an efreet
   648 | D        | Noticed an efreet
   650 | D        | Killed an efreet
   650 | D        | Killed an efreet
   651 | D        | Killed an efreet
   652 | D        | Killed an efreet
   652 | D        | Killed an efreet
   715 | D        | Found a transporter.
   743 | D        | Entered arena 10.
   743 | D        | Noticed a shining eye
   743 | D        | Noticed a shining eye
   743 | D        | Gained mutation: You are dopey. (Int -2) [a shining eye]
   746 | D        | Gained mutation: Potions are less effective at restoring
                  | your health. [a shining eye]
   748 | D        | Killed a shining eye
   749 | D        | Reached XP level 11. HP: 102/102 MP: 18/18
   749 | D        | Found a transporter.
   750 | D        | Killed a shining eye
   771 | D        | Entered arena 11.
   771 | D        | Noticed a cyclops
   773 | D        | Killed a cyclops
   778 | D        | Reached skill level 15 in Armour
   778 | D        | Found a transporter.
   838 | D        | Got the ring "Bafas" {Fire rCorr MP+9}
   851 | D        | Entered arena 12.
   851 | D        | Noticed a tentacled monstrosity
   851 | D        | Noticed a red draconian
   851 | D        | Noticed a purple draconian
   851 | D        | Noticed a white draconian
   851 | D        | Noticed a moth of wrath
   851 | D        | Noticed a moth of wrath
   852 | D        | Noticed a black draconian knight
   852 | D        | Noticed a purple draconian
   852 | D        | Noticed an Orb Guardian
   852 | D        | Noticed a moth of wrath
   853 | D        | Killed a moth of wrath
   853 | D        | Killed a moth of wrath
   853 | D        | Killed a moth of wrath
   855 | D        | Killed a tentacled monstrosity
   855 | D        | Killed a red draconian
   856 | D        | Reached skill level 15 in Shields
   856 | D        | Reached skill level 15 in Evocations
   856 | D        | Killed a purple draconian
   856 | D        | Killed a white draconian
   857 | D        | Reached XP level 12. HP: 91/109 MP: 19/19
   860 | D        | Killed an Orb Guardian
   860 | D        | Killed a purple draconian
   862 | D        | Killed from afar by a black draconian knight

Illustrated notes

Levels and vault maps discovered:
D:        sprint_v [room_start, room_1, room_2, room_3, room_4, room_5, room_6,
          room_7, room_8, room_9, room_10, room_11, room_12, room_13, room_14,
          room_15, room_16, room_17, room_18, room_19, room_20, room_21,
          room_22, room_23, room_24, room_25, room_26, room_27]

Skill      XL: |  1  2  3  4  5  6  7  8  9 10 11 12 |
---------------+-------------------------------------+-----
Fighting       | 6 7 10 11 15 17 | 17.0
Evocations     | 5 9 10 14 17 | 17.0
Invocations    | 9 10 | 10.0
Armour         | 8 10 11 15 | 15.0
Shields        | 10 15 | 15.0
Dodging        | 6 8 |  8.0
Maces & Flails | |  2.0

Action                   |  1- 3 |  4- 6 |  7- 9 | 10-12 || total
-------------------------+-------+-------+-------+-------++-------
Melee: Great mace        |     2 |     5 |    17 |     9 ||    33
Invok: Slouch            |       |       |       |     2 ||     2
Evoke: Lightning rod     |     1 |       |    12 |     8 ||    21
       Wand              |     1 |       |     1 |       ||     2
       Tin of tremorston |       |       |     2 |     9 ||    11
  Use: Potion            |     1 |       |     1 |     1 ||     3
       Scroll            |       |       |     1 |     1 ||     2
Armor: Plate armour      |     1 |     2 |    44 |     9 ||    56
Dodge: Dodged            |       |       |     1 |     5 ||     6
Block: Kite shield       |     4 |    10 |    44 |    26 ||    84
       Reflection        |       |       |     4 |     4 ||     8

Table legend: (Time is in decaauts)
 A = Elapsed time spent in this place.
 B = Non-inter-level travel time spent in this place.
 C = Inter-level travel time spent in this place.
 D = Time resting spent in this place.
 E = Time spent auto-exploring this place.
 F = Levels seen in this place.
 G = Mean time per level.
                   A        B        C        D        E       F      G
               +--------+--------+--------+--------+--------+-----+--------+
         Total |   1011 |   1011 |      0 |     98 |    501 |   1 | 1011.0 |
       Dungeon |   1011 |   1011 |      0 |     98 |    501 |   1 | 1011.0 |
               +--------+--------+--------+--------+--------+-----+--------+

Top non-repeatable levels by time:
       D: 1011 daAuts
